 Dungeon Crawl Stone Soup version 0.30.0-5-g1a98f26d00 (webtiles) character file.

Game seed: 12923974118025107183

2177 croobank the Caller (level 8, -14/66 HPs)
             Began as a Demigod Summoner on May 10, 2023.
             Killed from afar by a steam dragon (25 damage)
             ... with a ball of steam
             ... on level 7 of the Dungeon.
             The game lasted 00:31:36 (8464 turns).

croobank the Caller (Demigod Summoner)              Turns: 8464, Time: 00:31:37

Health: -14/66     AC:  5    Str:  9    XL:     8   Next: 86%
Magic:  4/17       EV: 13    Int: 25    God:
Gold:   276        SH:  0    Dex: 14    Spells: 6/15 levels left

rFire   . . .        v - +3 scimitar of Success {holy, +Blink}
rCold   . . .        (no shield)
rNeg    . . .        a - +0 robe
rPois   .            l - +0 helmet
rElec   .            p - scarf {repulsion}
rCorr   .            w - +1 pair of gloves
SInv    .            (no boots)
Will    .....        (no amulet)
Stlth   +++          (no ring)
HPRegen 0.31/turn    (no ring)
MPRegen 0.15/turn

%: repel missiles
@: no status effects
A: high MP 1, forlorn, divine attributes
a: Evoke Blink


You were on level 7 of the Dungeon.
You visited 1 branch of the dungeon, and saw 7 of its levels.

You collected 276 gold pieces.

Inventory:

Hand Weapons
 i - a +0 war axe
 k - a +1 short sword
 n - a +0 rapier
 q - a +3 flail of venom
 u - a +3 heavy war axe
 v - the +3 scimitar of Success (weapon) {holy, +Blink}
   (You found it on level 4 of the Dungeon)

   +Blink:    It lets you blink.
Missiles
 g - 20 poisoned darts
 z - a curare-tipped dart
Armour
 a - a +0 robe (worn)
 e - the +4 ring mail "Axkit" {+Inv Regen+}
   (You found it on level 3 of the Dungeon)

   +Inv:      It lets you turn invisible.
   Regen:     It increases your rate of health regeneration.
 l - a +0 helmet (worn)
 p - a scarf of repulsion (worn)
 w - a +1 pair of gloves (worn)
Jewellery
 A - a ring of resist corrosion
Wands
 d - a wand of flame (6)
 s - a wand of polymorph (9)
 y - a wand of roots (9)
Scrolls
 o - a scroll of magic mapping
 B - a scroll of poison
 E - a scroll of immolation
 F - a scroll of fear
Potions
 b - a potion of magic
 c - a potion of cancellation
 f - a potion of lignification
 h - 2 potions of heal wounds
 j - a potion of flight
 m - 7 potions of curing
 r - a potion of ambrosia
 x - a potion of mutation
 C - 2 potions of attraction
 D - a potion of berserk rage {unknown}


   Skills:
 + Level 3.6 Fighting
 - Level 5.0 Armour
 + Level 4.3 Dodging
 + Level 4.7 Stealth
 + Level 4.0 Spellcasting
 + Level 3.1 Hexes
 + Level 5.5 Summonings


You had 6 spell levels left.
You knew the following spells:

 Your Spells              Type           Power      Damage    Failure   Level
a - Summon Small Mammal   Summ           100%       N/A       1%          1
b - Call Imp              Summ           64%        N/A       1%          2
c - Call Canine Familiar  Summ           32%        N/A       2%          3
d - Summon Guardian Gole  Hex/Summ       26%        N/A       4%          3

Your spell library contained the following spells:

 Spells                   Type           Power      Damage    Failure   Level
 Inner Flame              Hex/Fire       12%        N/A       14%         3
 Ozocubu's Armour         Ice            5%         N/A       26%         3
 Summon Lightning Spire   Summ/Air       18%        N/A       28%         4
 Metabolic Englaciation   Hex/Ice        6%         N/A       78%         5
 Yara's Violent Unravell  Hex/Tmut       6%         3d5       78%         5
 Simulacrum               Ice/Necr       2%         N/A       100%        6
 Enfeeble                 Hex            10%        N/A       100%        7


Dungeon Overview and Level Annotations

Branches:
Dungeon (7/15)
 Temple: D:4-7

Shops:
D:2 :

Annotations:
D:5 1 runed translucent door, SecretSquirrel's ghost, novice MiHu


Innate Abilities, Weirdness & Mutations

You have an increased reservoir of magic. (+10% MP)
You shall have no god before yourself.
Your divine heritage dramatically boosts your attributes as you level up.


Message History

The ball of steam hits your hound! The ball of steam hits you!!
Your hound is engulfed in a cloud of scalding steam.
Your hound dies!
Your hound's corpse disappears in a puff of smoke!
You hear a shout!
Casting: Call Canine Familiar (dangerous; 2% risk of failure)
Confirm with . or Enter, or press ? or * to list all spells.
A tiny devil pulls itself out of the air.
Casting: Call Imp (safe; 1% risk of failure)
Confirm with . or Enter, or press ? or * to list all spells.
The steam dragon closely misses you.
The steam dragon claws you but does no damage.
Your cerulean imp is engulfed in a cloud of scalding steam.
Your cerulean imp hits the steam dragon but does no damage.
Your bat closely misses the steam dragon.
Your bat barely misses the steam dragon.
The steam dragon breathes steam at you. The ball of steam hits you!!
* * * LOW HITPOINT WARNING * * *
Your cerulean imp is engulfed in a cloud of scalding steam.
Your cerulean imp hits the steam dragon with a -1 spear.
Your bat closely misses the steam dragon.
The steam dragon breathes steam at you. The ball of steam misses you.
Your cerulean imp hits the steam dragon with a -1 spear.
The steam dragon bites your cerulean imp!
Your cerulean imp dies!
Your cerulean imp disappears in a puff of smoke!
Your bat hits the steam dragon but does no damage.
You see here a +0 helmet.
Your bat hits the steam dragon but does no damage. x2
The steam dragon bites your bat. The steam dragon claws your bat.
Your bat dies!
Your bat's corpse disappears in a puff of smoke!
The steam dragon hisses angrily.
Things that are here:
a +0 club; a +0 scale mail The steam dragon breathes steam at you.
The ball of steam hits you!!
You die...

#..##.........#
#...###.#######
#...# #.#
####...###.#
#..$.[.....#####..
#....[[.{.o{....o.
#....?[....######.
#.##...###.#
#@##...# #.#
#§##...# #..
#§##.### #..
#.##.# #.#
#.##.### #o#
#.D§.§.# #.###
####.D§# #...
###.###.##
#.##...# #


There were no monsters in sight!

Vanquished Creatures
  An orc priest (D:3)
  A gnoll bouda (D:6)
  2 hounds
  2 orc wizards (D:7)
  2 adders
  7 gnolls
  A dart slug (D:5)
  2 orcs
  An endoplasm (D:3)
  A goblin (D:2)
  A hobgoblin (D:2)
  A quokka (D:4)
  3 kobolds
  2 rats (D:4)
27 creatures vanquished.

Vanquished Creatures (collateral kills)
  2 black bears
  5 ogres
  A kobold brigand (D:5)
  2 phantoms
  2 scorpions
  A wight (D:7)
  3 hounds
  An orc priest (D:5)
  2 iguanas
  9 gnolls
  5 adders
  A white imp (D:6)
  5 worms
  2 dart slugs
  4 orcs
  3 endoplasms
  2 giant cockroaches
  5 goblins
  13 hobgoblins
  3 jackals (D:1)
  2 quokkas (D:1)
  6 ball pythons
  8 bats
  3 frilled lizards
  5 kobolds
  A rat (D:2)
96 creatures vanquished.

Vanquished Creatures (others)
  Edmund (D:6)
  An orc warrior (D:7)
  A bullfrog (D:7)
  4 wights (D:7)
  A gnoll bouda (D:6)
  2 gnolls (D:6)
10 creatures vanquished.

Grand Total: 133 creatures vanquished

Notes
Turn   | Place    | Note
-------+----------+-------------------------------------------
     0 | D:1      | croobank the Demigod Summoner began the quest for the Orb.
     0 | D:1      | Reached XP level 1. HP: 14/14 MP: 5/5
   451 | D:1      | Reached XP level 2. HP: 20/20 MP: 4/7
   465 | D:1      | Learned a level 2 spell: Call Imp
  1436 | D:2      | Reached XP level 3. HP: 27/27 MP: 3/8
  1440 | D:2      | Learned a level 3 spell: Call Canine Familiar
  1530 | D:2      | Found Culacan's Vocational Training.
  2289 | D:3      | Noticed a scorpion
  2312 | D:3      | Killed a scorpion
  2313 | D:3      | Reached skill level 1 in Fighting
  2313 | D:3      | Reached XP level 4. HP: 35/35 MP: 0/10
  2321 | D:3      | Identified the +4 ring mail "Axkit" {+Inv Regen+}
  3275 | D:3      | Reached skill level 1 in Armour
  3275 | D:3      | Reached XP level 5. HP: 40/40 MP: 4/11
  3969 | D:4      | Learned a level 3 spell: Summon Guardian Golem
  4267 | D:4      | Noticed a moth of wrath
  4471 | D:4      | Identified the +3 scimitar of Success {holy, +Blink}
  4778 | D:5      | Entered Level 5 of the Dungeon
  4800 | D:5      | Noticed an ogre
  4810 | D:5      | Killed an ogre
  4811 | D:5      | Reached XP level 6. HP: 48/48 MP: 3/13
  4817 | D:5      | Reached skill level 1 in Hexes
  5099 | D:5      | Found a runed translucent door.
  5101 | D:5      | Noticed SecretSquirrel's ghost (novice MiHu)
  5502 | D:5      | Reached XP level 7. HP: 55/55 MP: 8/14
  6771 | D:6      | Noticed Edmund
  6916 | D:5      | Reached skill level 5 in Summonings
  7006 | D:6      | Killed Edmund
  7007 | D:6      | Reached XP level 8. HP: 63/63 MP: 2/16
  8244 | D:7      | Reached skill level 5 in Armour
  8464 | D:7      | Killed from afar by a steam dragon

Illustrated notes

Levels and vault maps discovered:
D:1:      matt_arrival_debris, layout_basic, minivault_26
D:2:      layout_loops_corners, basic_altar, hex_tiny, nicolae_shop_vocational
D:3:      layout_loops_ring, serial_aquarium, aquarium_bridge_long_separate
          [aquarium_subvault_bridge, aquarium_subvault_wall,
          aquarium_subvault_bridge, aquarium_subvault_bridge,
          aquarium_subvault_balcony, aquarium_subvault_window],
          aquarium_bridge_square [aquarium_subvault_bridge,
          aquarium_subvault_bridge, aquarium_subvault_bridge,
          aquarium_subvault_wall], aquarium_window_fake, aquarium_window_1,
          aquarium_window_fake, aquarium_window_2, aquarium_view_2b,
          aquarium_view_2f
D:4:      layout_basic, mainiacjoe_overflow_paths, tgw_trog,
          chequers_serial_rivers_room_b
D:5:      layout_cave_pods, mainiacjoe_overflow_six_doors_small,
          ebering_ghost_sewer_d
D:6:      layout_cave_pools, minivault_19, uniq_edmund
D:7:      layout_loops_ring, lemuel_temple_firewalk_b,
          chequers_serial_rivers_micro_a, uniq_duvessa

Skill      XL: |  1  2  3  4  5  6  7  8 |
---------------+-------------------------+-----
Stealth        | 2 3 4 |  4.7
Dodging        | 2 3 4 |  4.3
Spellcasting   | 2 3 4 |  4.0
Fighting       | 1 2 3 |  3.6
Summonings     | 4 5 |  5.5
Armour         | 1 2 3 5 |  5.0
Hexes          | 1 2 3 |  3.1

Action                     |  1- 3 |  4- 6 |  7- 9 || total
---------------------------+-------+-------+-------++-------
  Melee: Unarmed           |     3 |       |       ||     3
         Short sword       |     5 |    63 |       ||    68
         Scimitar          |       |     4 |    88 ||    92
         Punch             |       |       |     3 ||     3
   Cast: Summon Small Mamm |    49 |    29 |    30 ||   108
         Call Imp          |    18 |    22 |    18 ||    58
         Call Canine Famil |     5 |    24 |    31 ||    60
         Summon Guardian G |       |       |    14 ||    14
    Use: Scroll            |     7 |     7 |     9 ||    23
         Potion            |       |     1 |     1 ||     2
   Stab: Sleeping          |     2 |     4 |       ||     6
         Distracted        |       |       |     2 ||     2
 Armour: Robe              |     3 |     9 |    38 ||    50
  Dodge: Dodged            |    19 |    40 |    77 ||   136
         Repelled          |       |       |     2 ||     2
